Workbook
Name \0: #REF!
Name \a: #REF!
Name \c: [2]PLMUSEU!#REF!
Name \x: [2]PLMUSEU!#REF!
Name \z: [2]PLMUSEU!#REF!
Name _____________________pv3: #REF!
Name ____________________Ele200502: #REF!
Name ____________________pv3: #REF!
Name ____________________Ser200705: #REF!
Name ____________________Ser200712: #REF!
Name ____________________Ser201104: #REF!
Name ____________________TR2: #REF!
Name ____________________TR5: #REF!
Name ___________________Ele200502: #REF!
Name ___________________Ele200609: #REF!
Name ___________________pv2: #REF!
Name ___________________pv3: #REF!
Name ___________________Ser200506: #REF!
Name ___________________Ser200705: #REF!
Name ___________________Ser200712: #REF!
Name ___________________Ser201104: #REF!
Name ___________________TR2: #REF!
Name ___________________TR5: #REF!
Name __________________Ele200502: #REF!
Name __________________Ele200609: #REF!
Name __________________pv2: #REF!
Name __________________pv3: #REF!
Name __________________Ser200506: #REF!
Name __________________Ser200705: #REF!
Name __________________Ser200712: #REF!
Name __________________Ser201104: #REF!
Name __________________TR2: #REF!
Name __________________TR5: #REF!
Name _________________Ele200502: #REF!
Name _________________Ele200609: #REF!
Name _________________pv2: #REF!
Name _________________pv3: #REF!
Name _________________Ser200506: #REF!
Name _________________Ser200705: #REF!
Name _________________Ser200712: #REF!
Name _________________Ser201104: #REF!
Name _________________TR2: #REF!
Name _________________TR5: #REF!
Name ________________Ele200502: #REF!
Name ________________Ele200609: #REF!
Name ________________pv2: #REF!
Name ________________pv3: #REF!
Name ________________Ser200506: #REF!
Name ________________Ser200705: #REF!
Name ________________Ser200712: #REF!
Name ________________Ser201104: #REF!
Name ________________TR2: #REF!
Name ________________TR5: #REF!
Name _______________Ele200502: #REF!
Name _______________Ele200609: #REF!
Name _______________pv2: #REF!
Name _______________pv3: #REF!
Name _______________Ser200506: #REF!
Name _______________Ser200705: #REF!
Name _______________Ser200712: #REF!

Sheet 01 - Planilha Detalhada
I1: Área de Terreno e área Construída | L1: Valor estimado do imóvel (por m² conforme memória) | N1: Valor estimado de manutenção preventiva e corretiva do imovel (R$) | R1: ='02 - Cálculo Final'!B8 -> 2729.34 | S1: ='02 - Cálculo Final'!B9 -> 1250.33
I2: =SUM(I5:I193) -> 214470.74 | J2: =SUM(J5:J193) -> 995384.08 | K2: =SUM(K5:K213) -> 1528851.7 | L2: =SUM(L5:L213) -> 7.3347552e+08 | M2: =SUM(M5:M213) -> 1.5755588e+09 | N2: =SUM(N5:N213) -> 61611943 | O2: =SUM(O5:O213) -> 50417881 | P2: =SUM(P5:P213) -> 1.1202982e+08 | R2: ='02 - Cálculo Final'!B10 -> 0.084 | S2: ='02 - Cálculo Final'!B11 -> 0.032
A3: ANEXO A
A4: Nº | B4: NOME DA UNIDADE | C4: FINALIDADE DO IMÓVEL | D4: ENDEREÇO COMPLETO | E4: MUNICIPIO | F4: COORDENADAS (UTM)4 | G4: ESTADO DE CONSERVAÇÃO² | H4: N° DE PAVIMENTOS³ | I4: ÁREA EDIFICAÇÃO | J4: ÁREA TERRENO | K4: ÁREA TOTAL | L4: ÁREA EDIFICAÇÃO | M4: ÁREA TERRENO | N4: ÁREA EDIFICAÇÃO | O4: ÁREA TERRENO | P4: TOTAL | R4: terr | T4: edf
A5: 1 | B5: Rodoviária de Passa Tempo | D5: Av. Gabriel Andrade – Passa Tempo/MG – 35537-000 | E5: PASSA TEMPO | G5: Médio | I5: =X5*1.7 -> 525.5 | J5: 784.34 | K5: =I5+J5 -> 1309.84 | L5: =I5*$R$1 -> 1434268.2 | M5: =J5*$S$1 -> 980683.83 | N5: =L5*$R$2 -> 120478.53 | O5: =M5*$S$2 -> 31381.88 | P5: =N5+O5 -> 151860.41 | V5: 750.19 | X5: 309.12
A6: 2 | B6: Escola Municipal Gabriel Andrade | D6: Rua Professor Walter Veado, 249 – Centro – Passa Tempo/MG – 35537-000 | E6: PASSA TEMPO | G6: Regular | I6: 3733.93 | J6: 14724.84 | K6: =I6+J6 -> 18458.77 | L6: =I6*$R$1 -> 10191165 | M6: =J6*$S$1 -> 18410909 | N6: =L6*$R$2 -> 856057.82 | O6: =M6*$S$2 -> 589149.09 | P6: =N6+O6 -> 1445206.9 | V6: 3681.21 | X6: 3196.26
A7: 3 | B7: Creche Municipal Eni Rangel Amorim | D7: Rua Elísio Machado de Castro, 20 – Bairro Calafate – Passa Tempo/MG – 35537-000 | E7: PASSA TEMPO | G7: Bom | I7: 1008.11 | J7: 1737.56 | K7: =I7+J7 -> 2745.67 | L7: =I7*$R$1 -> 2751475 | M7: =J7*$S$1 -> 2172523.4 | N7: =L7*$R$2 -> 231123.9 | O7: =M7*$S$2 -> 69520.75 | P7: =N7+O7 -> 300644.65 | V7: 725.69 | X7: 500.69
A8: 4 | B8: Prefeitura Municipal de Passa Tempo | D8: Praça Bolivar de Andrade, 35 – Centro – Passa Tempo/MG – 35537-000 | E8: PASSA TEMPO | G8: Médio | I8: =X8*1.7 -> 479.74 | J8: 1633.32 | K8: =I8+J8 -> 2113.06 | L8: =I8*$R$1 -> 1309373.6 | M8: =J8*$S$1 -> 2042189 | N8: =L8*$R$2 -> 109987.38 | O8: =M8*$S$2 -> 65350.05 | P8: =N8+O8 -> 175337.43 | V8: 408.33 | X8: 282.2
A9: 5 | B9: Secretaria de Saúde De Passa Tempo | D9: Rua José Luís Gomes, 80 – Centro – Passa Tempo/MG – 35537-000 | E9: PASSA TEMPO | G9: Ruim | I9: =X9*1.7 -> 479.74 | J9: 1633.32 | K9: =I9+J9 -> 2113.06 | L9: =I9*$R$1 -> 1309373.6 | M9: =J9*$S$1 -> 2042189 | N9: =L9*$R$2 -> 109987.38 | O9: =M9*$S$2 -> 65350.05 | P9: =N9+O9 -> 175337.43 | V9: 408.33 | X9: 282.2
A10: 6 | B10: PSF Pedro Eugenio de Almeida | D10: Rua Evaristo B. de Souza, 220 – Centro – Passa Tempo/MG – 35537-000 | E10: PASSA TEMPO | G10: Médio | I10: 495.75 | J10: 1416.24 | K10: =I10+J10 -> 1911.99 | L10: =I10*$R$1 -> 1353070.3 | M10: =J10*$S$1 -> 1770767.4 | N10: =L10*$R$2 -> 113657.91 | O10: =M10*$S$2 -> 56664.56 | P10: =N10+O10 -> 170322.47 | V10: 354.06 | X10: 233.56
A11: 7 | B11: Galpão Municipal de Passa Tempo | D11: Rua Evaristo Batista de Souza, 420 – Centro – Passa Tempo/MG – 35537-000 | E11: PASSA TEMPO | G11: Regular | I11: 925.29 | J11: 1980.8 | K11: =I11+J11 -> 2906.09 | L11: =I11*$R$1 -> 2525431 | M11: =J11*$S$1 -> 2476653.7 | N11: =L11*$R$2 -> 212136.2 | O11: =M11*$S$2 -> 79252.92 | P11: =N11+O11 -> 291389.12 | V11: 495.2 | X11: 347.52
A12: 8 | B12: Prefeitura Municipal | D12: Av Ribeiro De Oliveira - 150 – Centro | E12: SÃO BRÁS DO SUAÇUÍ | G12: Bom | I12: =211.52*3 -> 634.56 | J12: 291.7 | K12: =I12+J12 -> 926.26 | L12: =I12*$R$1 -> 1731930 | M12: =J12*$S$1 -> 364721.26 | N12: =L12*$R$2 -> 145482.12 | O12: =M12*$S$2 -> 11671.08 | P12: =N12+O12 -> 157153.2 | V12: 296.14 | X12: 215.8
A13: 9 | B13: Creche Municipal | D13: Rua Cassiano Pereira - 25 – Centro | E13: SÃO BRÁS DO SUAÇUÍ | G13: Regular | I13: 1925.07 | J13: 3257.09 | K13: =I13+J13 -> 5182.16 | L13: =I13*$R$1 -> 5254170.5 | M13: =J13*$S$1 -> 4072437.3 | N13: =L13*$R$2 -> 441350.33 | O13: =M13*$S$2 -> 130317.99 | P13: =N13+O13 -> 571668.32 | V13: 223.97 | X13: 115.58
A14: 10 | B14: Escola Municipal Amelia D’Anunciação Pyramo | D14: Rua Francisco De Assis - 220 El – Centro | E14: SÃO BRÁS DO SUAÇUÍ | G14: Bom | I14: 2597.35 | J14: 6896.8 | K14: =I14+J14 -> 9494.15 | L14: =I14*$R$1 -> 7089051.2 | M14: =J14*$S$1 -> 8623275.9 | N14: =L14*$R$2 -> 595480.31 | O14: =M14*$S$2 -> 275944.83 | P14: =N14+O14 -> 871425.14 | V14: 1724.2 | X14: 1022.73
A15: 11 | B15: Velório Municipal | D15: Rua Vereador Agenor Marques - 60 Cx – Centro | E15: SÃO BRÁS DO SUAÇUÍ | G15: Médio | I15: 152.25 | J15: 1900.8 | K15: =I15+J15 -> 2053.05 | L15: =I15*$R$1 -> 415542.02 | M15: =J15*$S$1 -> 2376627.3 | N15: =L15*$R$2 -> 34905.53 | O15: =M15*$S$2 -> 76052.07 | P15: =N15+O15 -> 110957.6 | V15: 475.2 | X15: 223.9
A16: 12 | B16: Centro Convivencia Idoso Renascer | D16: Pca Olavo Drumond 1100 Cx – Centro | E16: SÃO BRÁS DO SUAÇUÍ | G16: Médio | I16: 275.11 | J16: 2395.12 | K16: =I16+J16 -> 2670.23 | L16: =I16*$R$1 -> 750868.73 | M16: =J16*$S$1 -> 2994690.4 | N16: =L16*$R$2 -> 63072.97 | O16: =M16*$S$2 -> 95830.09 | P16: =N16+O16 -> 158903.06 | V16: 598.78 | X16: 288.4
A17: 13 | B17: Cras Bairro Alto dos Alecrins | D17: Rua Dona Maria Joana 91 Co – Alto Do Alecrim | E17: SÃO BRÁS DO SUAÇUÍ | G17: Médio | I17: 260.64 | J17: 3186.4 | K17: =I17+J17 -> 3447.04 | L17: =I17*$R$1 -> 711375.18 | M17: =J17*$S$1 -> 3984051.5 | N17: =L17*$R$2 -> 59755.52 | O17: =M17*$S$2 -> 127489.65 | P17: =N17+O17 -> 187245.17 | V17: 796.6 | X17: 223.36
A18: 14 | B18: Posto da Polícia Militar | D18: Av Aprígio Ribeiro De Olivera 420 Cx A – Centro | E18: SÃO BRÁS DO SUAÇUÍ | G18: Regular | I18: 278.42 | J18: 286.08 | K18: =I18+J18 -> 564.5 | L18: =I18*$R$1 -> 759902.84 | M18: =J18*$S$1 -> 357694.41 | N18: =L18*$R$2 -> 63831.84 | O18: =M18*$S$2 -> 11446.22 | P18: =N18+O18 -> 75278.06 | V18: 142.6 | X18: 138.36
A19: 15 | B19: Usina de Reciclagem e Compostagem de Resíduos Sólidos | D19: Rua Professor Paixao 1000 In – Centro | E19: SÃO BRÁS DO SUAÇUÍ | G19: Regular | I19: 522.73 | J19: 12992.44 | K19: =I19+J19 -> 13515.17 | L19: =I19*$R$1 -> 1426707.9 | M19: =J19*$S$1 -> 16244838 | N19: =L19*$R$2 -> 119843.46 | O19: =M19*$S$2 -> 519834.8 | P19: =N19+O19 -> 639678.26 | V19: 3248.11 | X19: 503.43
A20: 16 | B20: Centro Sociocultural | D20: Pca Severiano Ant Costa 55 Co – Centro | E20: SÃO BRÁS DO SUAÇUÍ | G20: Médio | I20: 1031.83 | J20: 2059 | K20: =I20+J20 -> 3090.83 | L20: =I20*$R$1 -> 2816214.9 | M20: =J20*$S$1 -> 2574429.5 | N20: =L20*$R$2 -> 236562.05 | O20: =M20*$S$2 -> 82381.74 | P20: =N20+O20 -> 318943.79 | V20: 514.75 | X20: 352.68
A21: 17 | B21: Centro de Eventos e Lazer | D21: Rua Octaviano Piramo 456 Cx Pref – Centro | E21: SÃO BRÁS DO SUAÇUÍ | G21: Médio | I21: 303.7 | J21: 45414 | K21: =I21+J21 -> 45717.7 | L21: =I21*$R$1 -> 828900.56 | M21: =J21*$S$1 -> 56782487 | N21: =L21*$R$2 -> 69627.65 | O21: =M21*$S$2 -> 1817039.6 | P21: =N21+O21 -> 1886667.2 | V21: 34520.5 | X21: 651.59
A22: 18 | B22: Cemitério Municipal | D22: Pca Olavo Drumond 1135 Co – Centro | E22: SÃO BRÁS DO SUAÇUÍ | G22: Regular | I22: =X22*1.7 -> 287.13 | J22: 7500.12 | K22: =I22+J22 -> 7787.25 | L22: =I22*$R$1 -> 783675.39 | M22: =J22*$S$1 -> 9377625 | N22: =L22*$R$2 -> 65828.73 | O22: =M22*$S$2 -> 300084 | P22: =N22+O22 -> 365912.73 | V22: 4935.53 | X22: 168.9
A23: 19 | B23: Ginásio Poliesportivo | D23: Rua Deputado Badaro Junior 1010 Co – Centro | E23: SÃO BRÁS DO SUAÇUÍ | G23: Médio | I23: 920.74 | J23: 8197.6 | K23: =I23+J23 -> 9118.34 | L23: =I23*$R$1 -> 2513012.5 | M23: =J23*$S$1 -> 10249705 | N23: =L23*$R$2 -> 211093.05 | O23: =M23*$S$2 -> 327990.57 | P23: =N23+O23 -> 539083.62 | V23: 14240.67 | X23: 1586.88
A24: 20 | B24: Almoxarifado Municipal | D24: Rua Deputado Ozanam Coelho 66 Co – Centro | E24: SÃO BRÁS DO SUAÇUÍ | G24: Médio | I24: =X24*1.7 -> 122.33 | J24: 775.52 | K24: =I24+J24 -> 897.85 | L24: =I24*$R$1 -> 333880.16 | M24: =J24*$S$1 -> 969655.92 | N24: =L24*$R$2 -> 28045.93 | O24: =M24*$S$2 -> 31028.99 | P24: =N24+O24 -> 59074.92 | V24: 193.88 | X24: 71.96
A25: 21 | B25: Secretaria Municipal De Educação | D25: Pca Severiano Ant Costa 39 Cs – Centro | E25: SÃO BRÁS DO SUAÇUÍ | G25: Ruim | I25: 212.29 | J25: 1000.52 | K25: =I25+J25 -> 1212.81 | L25: =I25*$R$1 -> 579411.59 | M25: =J25*$S$1 -> 1250980.2 | N25: =L25*$R$2 -> 48670.57 | O25: =M25*$S$2 -> 40031.37 | P25: =N25+O25 -> 88701.94 | V25: 250.13 | X25: 229.51
A26: 22 | B26: Casa Amarela | D26: Av Ribeiro De Oliveira 237 Cs – Centro | E26: SÃO BRÁS DO SUAÇUÍ | G26: Regular | I26: =X26*1.7 -> 397.97 | J26: 1467 | K26: =I26+J26 -> 1864.97 | L26: =I26*$R$1 -> 1086195.4 | M26: =J26*$S$1 -> 1834234.1 | N26: =L26*$R$2 -> 91240.42 | O26: =M26*$S$2 -> 58695.49 | P26: =N26+O26 -> 149935.91 | V26: 297.8 | X26: 234.1
A27: 23 | B27: Almoxarifado Prefeitura São Bras | D27: Rua Acrisio Amancio 395 In – Centro | E27: SÃO BRÁS DO SUAÇUÍ | G27: Médio | I27: 1561.52 | J27: 11998.19 | K27: =I27+J27 -> 13559.71 | L27: =I27*$R$1 -> 4261919 | M27: =J27*$S$1 -> 15001697 | N27: =L27*$R$2 -> 358001.2 | O27: =M27*$S$2 -> 480054.3 | P27: =N27+O27 -> 838055.5 | V27: 222.61 | X27: 90.07
A28: 24 | B28: Unidade Básica de Saúde | D28: Rua Francisco Carlos 651 Co – Centro | E28: SÃO BRÁS DO SUAÇUÍ | G28: Regular | I28: 1245.54 | J28: 2502.16 | K28: =I28+J28 -> 3747.7 | L28: =I28*$R$1 -> 3399502.1 | M28: =J28*$S$1 -> 3128525.7 | N28: =L28*$R$2 -> 285558.18 | O28: =M28*$S$2 -> 100112.82 | P28: =N28+O28 -> 385671 | V28: 782.48 | X28: 490.37
A29: 25 | B29: Unidade Básica de Saúde | D29: Av. Nossa Senhora das Graças, 130 - Centro, Catas Altas da Noruega - MG, 36450-000 | E29: CATAS ALTAS DA NORUEGA | G29: Regular | I29: =X29*1.7 -> 611.42 | J29: 1955.4 | K29: =I29+J29 -> 2566.82 | L29: =I29*$R$1 -> 1668773.1 | M29: =J29*$S$1 -> 2444895.3 | N29: =L29*$R$2 -> 140176.94 | O29: =M29*$S$2 -> 78236.65 | P29: =N29+O29 -> 218413.59 | V29: 488.85 | X29: 359.66
A30: 26 | B30: Prefeitura Municipal | D30: Rua das Goiabeiras, 129 | E30: CATAS ALTAS DA NORUEGA | G30: Médio | I30: =X30*1.7 -> 365.47 | J30: 1831.8 | K30: =I30+J30 -> 2197.27 | L30: =I30*$R$1 -> 997491.89 | M30: =J30*$S$1 -> 2290354.5 | N30: =L30*$R$2 -> 83789.32 | O30: =M30*$S$2 -> 73291.34 | P30: =N30+O30 -> 157080.66 | V30: 457.95 | X30: 214.98
A31: 27 | B31: Casa da Banda | D31: Rua das Goiabeiras, 102 | E31: CATAS ALTAS DA NORUEGA | G31: Regular | I31: =X31*1.7 -> 346.05 | J31: 1207.88 | K31: =I31+J31 -> 1553.93 | L31: =I31*$R$1 -> 944488.11 | M31: =J31*$S$1 -> 1510248.6 | N31: =L31*$R$2 -> 79337 | O31: =M31*$S$2 -> 48327.96 | P31: =N31+O31 -> 127664.96 | V31: 301.97 | X31: 203.56
A32: 28 | B32: Delegacia | D32: Rua das Goiabeiras, 3 | E32: CATAS ALTAS DA NORUEGA | G32: Bom | I32: =X32*1.7 -> 202.35 | J32: 789.16 | K32: =I32+J32 -> 991.51 | L32: =I32*$R$1 -> 552281.95 | M32: =J32*$S$1 -> 986710.42 | N32: =L32*$R$2 -> 46391.68 | O32: =M32*$S$2 -> 31574.73 | P32: =N32+O32 -> 77966.41 | V32: 197.29 | X32: 119.03
A33: 29 | B33: Ginásio Poliesportivo | D33: Rua lava pés, 119 | E33: CATAS ALTAS DA NORUEGA | G33: Médio | I33: =X33*1.7 -> 709.24 | J33: 42664.28 | K33: =I33+J33 -> 43373.52 | L33: =I33*$R$1 -> 1935757.1 | M33: =J33*$S$1 -> 53344429 | N33: =L33*$R$2 -> 162603.6 | O33: =M33*$S$2 -> 1707021.7 | P33: =N33+O33 -> 1869625.3 | V33: 10666.07 | X33: 417.2
A34: 30 | B34: Estádio municipal Weber Lobo Neiva | D34: Rua são Gonçalo, 77 | E34: CATAS ALTAS DA NORUEGA | G34: Médio | I34: =X34*1.7 -> 352.44 | J34: 26282.24 | K34: =I34+J34 -> 26634.68 | L34: =I34*$R$1 -> 961928.59 | M34: =J34*$S$1 -> 32861473 | N34: =L34*$R$2 -> 80802 | O34: =M34*$S$2 -> 1051567.1 | P34: =N34+O34 -> 1132369.1 | V34: 6570.56 | X34: 207.32
A35: 31 | B35: Creche Municipal | D35: Rua lava pés, 475 | E35: CATAS ALTAS DA NORUEGA | G35: Médio | I35: =X35*1.7 -> 1071.71 | J35: 3138 | K35: =I35+J35 -> 4209.71 | L35: =I35*$R$1 -> 2925061 | M35: =J35*$S$1 -> 3923535.5 | N35: =L35*$R$2 -> 245705.12 | O35: =M35*$S$2 -> 125553.14 | P35: =N35+O35 -> 371258.26 | V35: 784.5 | X35: 630.42
A36: 32 | B36: Escolinha municipal | D36: Av. Nossa senhora das Graças, s/n | E36: CATAS ALTAS DA NORUEGA | G36: Médio | I36: =X36*1.7 -> 829.41 | J36: 2289.6 | K36: =I36+J36 -> 3119.01 | L36: =I36*$R$1 -> 2263741.9 | M36: =J36*$S$1 -> 2862755.6 | N36: =L36*$R$2 -> 190154.32 | O36: =M36*$S$2 -> 91608.18 | P36: =N36+O36 -> 281762.5 | V36: 572.4 | X36: 487.89
A37: 33 | B37: Praça 1° de Março - praça principal | E37: CATAS ALTAS DA NORUEGA | G37: Regular | I37: =367.51*2 -> 735.02 | J37: 2457.78 | K37: =I37+J37 -> 3192.8 | L37: =I37*$R$1 -> 2006119.5 | M37: =J37*$S$1 -> 3073036.1 | N37: =L37*$R$2 -> 168514.04 | O37: =M37*$S$2 -> 98337.15 | P37: =N37+O37 -> 266851.19 | V37: 819.26
A38: 34 | B38: Academia de saúde | D38: São Gonçalo, 77 | E38: CATAS ALTAS DA NORUEGA | G38: Bom | I38: =X38*1.7 -> 0 | J38: 0 | K38: =I38+J38 -> 0 | L38: =I38*$R$1 -> 0 | M38: =J38*$S$1 -> 0 | N38: =L38*$R$2 -> 0 | O38: =M38*$S$2 -> 0 | P38: =N38+O38 -> 0
A39: 35 | B39: Capela Velório | D39: Avenida nossa senhora das Graças - dentro do santuário nossa senhora das Graças | E39: CATAS ALTAS DA NORUEGA | G39: Médio | I39: =X39*1.7 -> 831.45 | J39: 10451.12 | K39: =I39+J39 -> 11282.57 | L39: =I39*$R$1 -> 2269309.7 | M39: =J39*$S$1 -> 13067349 | N39: =L39*$R$2 -> 190622.02 | O39: =M39*$S$2 -> 418155.16 | P39: =N39+O39 -> 608777.18 | V39: 2612.78 | X39: 489.09
A40: 36 | B40: CRAS | D40: Largo santo Antônio, 06 | E40: CATAS ALTAS DA NORUEGA | G40: Bom | I40: =X40*1.7 -> 371.55 | J40: 1156.4 | K40: =I40+J40 -> 1527.95 | L40: =I40*$R$1 -> 1014086.3 | M40: =J40*$S$1 -> 1445881.6 | N40: =L40*$R$2 -> 85183.25 | O40: =M40*$S$2 -> 46268.21 | P40: =N40+O40 -> 131451.46 | V40: 289.1 | X40: 218.56
A41: 37 | B41: Central de abastecimento de água, antiga DER | D41: Br482 - próximo posto de gasolina | E41: CATAS ALTAS DA NORUEGA | G41: Regular | I41: =X41*1.7 -> 0 | J41: 0 | K41: =I41+J41 -> 0 | L41: =I41*$R$1 -> 0 | M41: =J41*$S$1 -> 0 | N41: =L41*$R$2 -> 0 | O41: =M41*$S$2 -> 0 | P41: =N41+O41 -> 0
A42: 38 | B42: E.M Sebastiana Ana de Jesus. (FUNDÃO) | E42: CATAS ALTAS DA NORUEGA | G42: Regular | I42: =X42*1.7 -> 4723.35 | J42: 18698.2 | K42: =I42+J42 -> 23421.55 | L42: =I42*$R$1 -> 12891628 | M42: =J42*$S$1 -> 23378920 | N42: =L42*$R$2 -> 1082896.8 | O42: =M42*$S$2 -> 748125.45 | P42: =N42+O42 -> 1831022.2 | V42: 4674.55 | X42: 2778.44
A43: 39 | B43: E.M Vereador Edson Gomes Barbosa (JEQUITIBÁ) | E43: CATAS ALTAS DA NORUEGA | G43: Médio | I43: =X43*1.7 -> 655.01 | J43: 1684.4 | K43: =I43+J43 -> 2339.41 | L43: =I43*$R$1 -> 1787745 | M43: =J43*$S$1 -> 2106055.9 | N43: =L43*$R$2 -> 150170.58 | O43: =M43*$S$2 -> 67393.79 | P43: =N43+O43 -> 217564.37 | V43: 421.1 | X43: 385.3
A44: 40 | B44: E.M Geraldo Donato Pereira (SANTO INÁCIO) | E44: CATAS ALTAS DA NORUEGA | G44: Médio | I44: =X44*1.7 -> 369.46 | J44: 1928.32 | K44: =I44+J44 -> 2297.78 | L44: =I44*$R$1 -> 1008382 | M44: =J44*$S$1 -> 2411036.4 | N44: =L44*$R$2 -> 84704.08 | O44: =M44*$S$2 -> 77153.16 | P44: =N44+O44 -> 161857.24 | V44: 482.08 | X44: 217.33
A45: 41 | B45: E.M. Antônio Germano da Silva (JOÃO DIAS) | E45: CATAS ALTAS DA NORUEGA | G45: Regular | I45: =X45*1.7 -> 420.75 | J45: 1383.2 | K45: =I45+J45 -> 1803.95 | L45: =I45*$R$1 -> 1148369.8 | M45: =J45*$S$1 -> 1729456.5 | N45: =L45*$R$2 -> 96463.06 | O45: =M45*$S$2 -> 55342.61 | P45: =N45+O45 -> 151805.67 | V45: 345.8 | X45: 247.5
A46: 42 | B46: E.M. José da Cruz Marselhas (GAMBÁ) | E46: CATAS ALTAS DA NORUEGA | G46: Médio | I46: =X46*1.7 -> 442.03 | J46: 4132.12 | K46: =I46+J46 -> 4574.15 | L46: =I46*$R$1 -> 1206450.2 | M46: =J46*$S$1 -> 5166513.6 | N46: =L46*$R$2 -> 101341.81 | O46: =M46*$S$2 -> 165328.44 | P46: =N46+O46 -> 266670.25 | V46: 1033.03 | X46: 260.02
A47: 43 | B47: E.M. José Ludgero (SESMARIA) | E47: CATAS ALTAS DA NORUEGA | G47: Regular | I47: =X47*1.7 -> 134.62 | J47: 840.04 | K47: =I47+J47 -> 974.66 | L47: =I47*$R$1 -> 367423.75 | M47: =J47*$S$1 -> 1050327.2 | N47: =L47*$R$2 -> 30863.6 | O47: =M47*$S$2 -> 33610.47 | P47: =N47+O47 -> 64474.07 | V47: 210.01 | X47: 79.19
A48: 44 | B48: Campo futebol - João Dias | E48: CATAS ALTAS DA NORUEGA | G48: Médio | I48: =X48*1.7 -> 1215.18 | J48: 44417.76 | K48: =I48+J48 -> 45632.94 | L48: =I48*$R$1 -> 3316639.4 | M48: =J48*$S$1 -> 55536858 | N48: =L48*$R$2 -> 278597.71 | O48: =M48*$S$2 -> 1777179.4 | P48: =N48+O48 -> 2055777.2 | V48: 11104.44 | X48: 714.81
A49: 45 | B49: Prédio-Sede da Prefeitura Municipal de Desterro de Entre Rios | D49: Rua Teófilo Andrade, 66, centro, Desterro de Entre Rios/MG | E49: DESTERRO DE ENTRE RIOS | G49: Médio | I49: =X49*1.7 -> 353.01 | J49: 1384.92 | K49: =I49+J49 -> 1737.93 | L49: =I49*$R$1 -> 963484.31 | M49: =J49*$S$1 -> 1731607 | N49: =L49*$R$2 -> 80932.68 | O49: =M49*$S$2 -> 55411.42 | P49: =N49+O49 -> 136344.1 | V49: 346.23 | X49: 207.65
A50: 46 | B50: Sede da Estação de Tratamento de Água (ETA), | D50: Rua José Rosa de Lima, nº 30, centro, Desterro de Entre Rios. | E50: DESTERRO DE ENTRE RIOS | G50: Médio | I50: =X50*1.7 -> 392.7 | J50: 4982.8 | K50: =I50+J50 -> 5375.5 | L50: =I50*$R$1 -> 1071811.8 | M50: =J50*$S$1 -> 6230144.3 | N50: =L50*$R$2 -> 90032.19 | O50: =M50*$S$2 -> 199364.62 | P50: =N50+O50 -> 289396.81 | V50: 1245.7 | X50: 231
A51: 47 | B51: Parque de Exposições Municipal | D51: Rua Sagrado Coração de Jesus, nº 588, centro, Desterro de Entre Rios/MG | E51: DESTERRO DE ENTRE RIOS | G51: Ruim | I51: =X51*1.7 -> 349.57 | J51: 24485.88 | K51: =I51+J51 -> 24835.45 | L51: =I51*$R$1 -> 954095.38 | M51: =J51*$S$1 -> 30615430 | N51: =L51*$R$2 -> 80144.01 | O51: =M51*$S$2 -> 979693.77 | P51: =N51+O51 -> 1059837.8 | V51: 6121.47 | X51: 205.63
A52: 48 | B52: Unidade de Transbordo de Resíduos Sólidos | D52: Localizada na localidade denominada chapada, zona rural, Desterro de Entre Rios/MG | E52: DESTERRO DE ENTRE RIOS | G52: Médio | I52: =X52*1.7 -> 383.84 | J52: 1467.28 | K52: =I52+J52 -> 1851.12 | L52: =I52*$R$1 -> 1047629.9 | M52: =J52*$S$1 -> 1834584.2 | N52: =L52*$R$2 -> 88000.91 | O52: =M52*$S$2 -> 58706.69 | P52: =N52+O52 -> 146707.6 | V52: 366.82 | X52: 225.79
A53: 49 | B53: Posto de Saúde Antônio José de Lima | D53: Mumbeca, zona rural, Desterro de Entre Rios/MG | E53: DESTERRO DE ENTRE RIOS | G53: Bom | I53: =X53*1.7 -> 0 | J53: 0 | K53: =I53+J53 -> 0 | L53: =I53*$R$1 -> 0 | M53: =J53*$S$1 -> 0 | N53: =L53*$R$2 -> 0 | O53: =M53*$S$2 -> 0 | P53: =N53+O53 -> 0
A54: 50 | B54: Posto de Saúde Bolívar Coelho de Resende | D54: na Rua Antônio Coelho de Morais, nº 40, localidade de Barro Branco, zona rural, Desterro de Entre Rios/MG | E54: DESTERRO DE ENTRE RIOS | G54: Médio | I54: =X54*1.7 -> 391.1 | J54: 1460.64 | K54: =I54+J54 -> 1851.74 | L54: =I54*$R$1 -> 1067444.9 | M54: =J54*$S$1 -> 1826282 | N54: =L54*$R$2 -> 89665.37 | O54: =M54*$S$2 -> 58441.02 | P54: =N54+O54 -> 148106.39 | V54: 365.16 | X54: 230.06
A55: 51 | B55: Posto de saúde da Samambaia | D55: Rua Severino Ferreira Maia, nº 60, localidade de Samambaia, zona rural, Desterro de Entre Rios/MG | E55: DESTERRO DE ENTRE RIOS | G55: Médio | I55: =X55*1.7 -> 1479.37 | J55: 3898 | K55: =I55+J55 -> 5377.37 | L55: =I55*$R$1 -> 4037703.7 | M55: =J55*$S$1 -> 4873786.3 | N55: =L55*$R$2 -> 339167.11 | O55: =M55*$S$2 -> 155961.16 | P55: =N55+O55 -> 495128.27 | V55: 974.5 | X55: 870.22
A56: 52 | B56: Centro de Saúde Luzia Rosa de São José | D56: Rua Brasilino José de Andrade, nº 60, centro, Desterro de Entre Rios/MG | E56: DESTERRO DE ENTRE RIOS | G56: Regular | I56: =X56*1.7 -> 866.35 | J56: 2583.12 | K56: =I56+J56 -> 3449.47 | L56: =I56*$R$1 -> 2364563.7 | M56: =J56*$S$1 -> 3229752.4 | N56: =L56*$R$2 -> 198623.35 | O56: =M56*$S$2 -> 103352.08 | P56: =N56+O56 -> 301975.43 | V56: 645.78 | X56: 509.62
A57: 53 | B57: UBS Antônio Vaz Diniz | D57: Rua Osvaldo de Aguiar Coelho, nº 11, distrito de São Sebastião do Gil/MG | E57: DESTERRO DE ENTRE RIOS | G57: Bom | I57: =X57*1.7 -> 0 | J57: 0 | K57: =I57+J57 -> 0 | L57: =I57*$R$1 -> 0 | M57: =J57*$S$1 -> 0 | N57: =L57*$R$2 -> 0 | O57: =M57*$S$2 -> 0 | P57: =N57+O57 -> 0
A58: 54 | B58: UBS Maria Terezinha de Oliveira | D58: Rua Francisco Cipriano de Campos, nº 10, distrito de Pereirinhas/MG | E58: DESTERRO DE ENTRE RIOS | G58: Regular | I58: =X58*1.7 -> 222.5 | J58: 949.84 | K58: =I58+J58 -> 1172.34 | L58: =I58*$R$1 -> 607278.15 | M58: =J58*$S$1 -> 1187613.4 | N58: =L58*$R$2 -> 51011.36 | O58: =M58*$S$2 -> 38003.63 | P58: =N58+O58 -> 89014.99 | V58: 237.46 | X58: 130.88
A59: 55 | B59: UBS Dalila Resende | D59: Rua José Luiz Policarpo, nº 151, centro, Desterro de Entre Rios/MG | E59: DESTERRO DE ENTRE RIOS | G59: Bom | I59: =X59*1.7 -> 867.77 | J59: 3200.08 | K59: =I59+J59 -> 4067.85 | L59: =I59*$R$1 -> 2368439.4 | M59: =J59*$S$1 -> 4001156 | N59: =L59*$R$2 -> 198948.91 | O59: =M59*$S$2 -> 128036.99 | P59: =N59+O59 -> 326985.9 | V59: 800.02 | X59: 510.45
A60: 56 | B60: Defesa Civil e Pátio de Obras (SEMOS) | D60: Rua Madre Teresa 415 – Bairro Centro | E60: NOVA LIMA - MG | G60: Ruim | I60: =X60*1.7 -> 2443.61 | J60: 23343.36 | K60: =I60+J60 -> 25786.97 | L60: =I60*$R$1 -> 6669442.5 | M60: =J60*$S$1 -> 29186903 | N60: =L60*$R$2 -> 560233.17 | O60: =M60*$S$2 -> 933980.91 | P60: =N60+O60 -> 1494214.1 | V60: 5835.84 | X60: 1437.42
A61: 57 | B61: PRAÇA DO BAIRRO VILA SÃO LUÍZ | D61: Rua Antônio Januário – Bairro Olaria | E61: NOVA LIMA - MG | G61: Médio | I61: =X61*1.7 -> 0 | J61: 0 | K61: =I61+J61 -> 0 | L61: =I61*$R$1 -> 0 | M61: =J61*$S$1 -> 0 | N61: =L61*$R$2 -> 0 | O61: =M61*$S$2 -> 0 | P61: =N61+O61 -> 0
A62: 58 | B62: RODOVIÁRIA (SEMOS) | D62: Rua Antônio Jardim 466 – Bairro Centro | E62: NOVA LIMA - MG | G62: Ruim | I62: =X62*1.7 -> 3450.15 | J62: 13868.44 | K62: =I62+J62 -> 17318.59 | L62: =I62*$R$1 -> 9416632.4 | M62: =J62*$S$1 -> 17340127 | N62: =L62*$R$2 -> 790997.12 | O62: =M62*$S$2 -> 554884.05 | P62: =N62+O62 -> 1345881.2 | V62: 3467.11 | X62: 2029.5
A63: 59 | B63: T.I. (INFORMÁTICA PMNL) | D63: Rua Ribeirão Cardoso – Bairro Centro | E63: NOVA LIMA - MG | G63: Regular | I63: =X63*1.7 -> 0 | J63: 0 | K63: =I63+J63 -> 0 | L63: =I63*$R$1 -> 0 | M63: =J63*$S$1 -> 0 | N63: =L63*$R$2 -> 0 | O63: =M63*$S$2 -> 0 | P63: =N63+O63 -> 0
A64: 60 | B64: CAMPO INDEPENDENTE | D64: Rua Jatobá – Bairro Santa Rita | E64: NOVA LIMA - MG | G64: Médio | I64: 6102.05 | J64: 19184.73 | K64: =I64+J64 -> 25286.78 | L64: =I64*$R$1 -> 16654569 | M64: =J64*$S$1 -> 23987243 | N64: =L64*$R$2 -> 1398983.8 | O64: =M64*$S$2 -> 767591.79 | P64: =N64+O64 -> 2166575.6 | V64: 6394.91
A65: 61 | B65: CAC MATADOURO | D65: Rua Rádio Itatiaia – Bairro Matadouro | E65: NOVA LIMA - MG | G65: Bom | I65: =X65*1.7 -> 0 | J65: 0 | K65: =I65+J65 -> 0 | L65: =I65*$R$1 -> 0 | M65: =J65*$S$1 -> 0 | N65: =L65*$R$2 -> 0 | O65: =M65*$S$2 -> 0 | P65: =N65+O65 -> 0
A66: 62 | B66: Prédio Sede Prefeitura Municipal de Nova Lima | D66: Praça Bernardino de Lima 80 – Centro | E66: NOVA LIMA - MG | G66: Regular | I66: =X66*1.7 -> 1448.4 | J66: 4670.16 | K66: =I66+J66 -> 6118.56 | L66: =I66*$R$1 -> 3953176.1 | M66: =J66*$S$1 -> 5839241.2 | N66: =L66*$R$2 -> 332066.79 | O66: =M66*$S$2 -> 186855.72 | P66: =N66+O66 -> 518922.51 | V66: 1167.54 | X66: 852
A67: 63 | B67: P.A. JARDIM CANADÁ | D67: Rua Vancouver 196 – Bairro Jardim Canadá | E67: NOVA LIMA - MG | G67: Médio | I67: =X67*1.7 -> 1196.49 | J67: 4602.56 | K67: =I67+J67 -> 5799.05 | L67: =I67*$R$1 -> 3265628 | M67: =J67*$S$1 -> 5754718.8 | N67: =L67*$R$2 -> 274312.75 | O67: =M67*$S$2 -> 184151 | P67: =N67+O67 -> 458463.75 | V67: 1150.64 | X67: 703.82
A68: 64 | B68: UBS RETIRO (BATALHÃO DA POLÍCIA MILITAR) | D68: Rua Miguel Couto – Bairro Retiro | E68: NOVA LIMA - MG | G68: Médio | I68: =X68*1.7 -> 324.29 | J68: 939.2 | K68: =I68+J68 -> 1263.49 | L68: =I68*$R$1 -> 885097.67 | M68: =J68*$S$1 -> 1174309.9 | N68: =L68*$R$2 -> 74348.2 | O68: =M68*$S$2 -> 37577.92 | P68: =N68+O68 -> 111926.12 | V68: 234.8 | X68: 190.76
A69: 65 | B69: FÓRUM (ATUAL UAI NOVA LIMA) | D69: Rua Pereira de Freitas, 24 - Centro | E69: NOVA LIMA - MG | G69: Médio | I69: =X69*1.7 -> 1131.52 | J69: 5979.32 | K69: =I69+J69 -> 7110.84 | L69: =I69*$R$1 -> 3088302.8 | M69: =J69*$S$1 -> 7476123.2 | N69: =L69*$R$2 -> 259417.44 | O69: =M69*$S$2 -> 239235.94 | P69: =N69+O69 -> 498653.38 | V69: 1494.83 | X69: 665.6
A70: 66 | B70: ESCOLA DE MÚSICA | D70: Rua Aníbal Moraes Quintão, 33 – Bairro Centro | E70: NOVA LIMA - MG | G70: Médio | I70: =X70*1.7 -> 226.37 | J70: 691.76 | K70: =I70+J70 -> 918.13 | L70: =I70*$R$1 -> 617840.7 | M70: =J70*$S$1 -> 864928.28 | N70: =L70*$R$2 -> 51898.62 | O70: =M70*$S$2 -> 27677.7 | P70: =N70+O70 -> 79576.32 | V70: 172.94 | X70: 133.16
A71: 67 | B71: Creche Flor de Cerejeira | D71: Rua Cassiar, 464 Jardim Canadá | E71: NOVA LIMA - MG | G71: Ruim | I71: =X71*1.7 -> 1037.53 | J71: 3333.2 | K71: =I71+J71 -> 4370.73 | L71: =I71*$R$1 -> 2831772.1 | M71: =J71*$S$1 -> 4167600 | N71: =L71*$R$2 -> 237868.86 | O71: =M71*$S$2 -> 133363.2 | P71: =N71+O71 -> 371232.06 | V71: 833.3 | X71: 610.31
A72: 68 | B72: Creche Jardim do Ipe Amarelo | D72: Rua Doutor Ernani Ribeiro Silva 25 Retiro | E72: NOVA LIMA - MG | G72: Bom | I72: =X72*1.7 -> 0 | J72: 0 | K72: =I72+J72 -> 0 | L72: =I72*$R$1 -> 0 | M72: =J72*$S$1 -> 0 | N72: =L72*$R$2 -> 0 | O72: =M72*$S$2 -> 0 | P72: =N72+O72 -> 0
A73: 69 | B73: Creche Jardim das Azaleias | D73: Rua Raimundo Ferreira Fonseca 141, Vila Madeira | E73: NOVA LIMA - MG | G73: Médio | I73: =X73*1.7 -> 600.25 | J73: 1714.6 | K73: =I73+J73 -> 2314.85 | L73: =I73*$R$1 -> 1638286.3 | M73: =J73*$S$1 -> 2143815.8 | N73: =L73*$R$2 -> 137616.05 | O73: =M73*$S$2 -> 68602.11 | P73: =N73+O73 -> 206218.16 | V73: 428.65 | X73: 353.09
A74: 70 | B74: Creche Vale do Flamboiã | D74: Rua Rainha Elizabeth 753 Jardim Canadá | E74: NOVA LIMA - MG | G74: Médio | I74: =X74*1.7 -> 90.87 | J74: 525.04 | K74: =I74+J74 -> 615.91 | L74: =I74*$R$1 -> 248015.13 | M74: =J74*$S$1 -> 656473.26 | N74: =L74*$R$2 -> 20833.27 | O74: =M74*$S$2 -> 21007.14 | P74: =N74+O74 -> 41840.41 | V74: 131.26 | X74: 53.45
A75: 71 | B75: Creche Vale dos Lírios | D75: Rua Titania 128 Vale do Sol | E75: NOVA LIMA - MG | G75: Regular | I75: =X75*1.7 -> 0 | J75: 0 | K75: =I75+J75 -> 0 | L75: =I75*$R$1 -> 0 | M75: =J75*$S$1 -> 0 | N75: =L75*$R$2 -> 0 | O75: =M75*$S$2 -> 0 | P75: =N75+O75 -> 0
A76: 72 | B76: Creche Jardim das Acacias | D76: Rua São Lourenço 158 Fazebdi do Benito | E76: NOVA LIMA - MG | G76: Regular | I76: =X76*1.7 -> 627.96 | J76: 2745.2 | K76: =I76+J76 -> 3373.16 | L76: =I76*$R$1 -> 1713916.4 | M76: =J76*$S$1 -> 3432405.9 | N76: =L76*$R$2 -> 143968.97 | O76: =M76*$S$2 -> 109836.99 | P76: =N76+O76 -> 253805.96 | V76: 686.3 | X76: 369.39
A77: 73 | B77: Creche Paraíso do Caxinguelê | D77: Rua Lauro Magalhães Santeiro 60 Bom Jardim | E77: NOVA LIMA - MG | G77: Médio | I77: =X77*1.7 -> 406.57 | J77: 1641.48 | K77: =I77+J77 -> 2048.05 | L77: =I77*$R$1 -> 1109667.8 | M77: =J77*$S$1 -> 2052391.7 | N77: =L77*$R$2 -> 93212.09 | O77: =M77*$S$2 -> 65676.53 | P77: =N77+O77 -> 158888.62 | V77: 410.37 | X77: 239.16
A78: 74 | B78: Creche Mico Estrela | D78: Rua Dona Maria da Glória 181 Macacos | E78: NOVA LIMA - MG | G78: Regular | I78: =X78*1.7 -> 246.81 | J78: 799.76 | K78: =I78+J78 -> 1046.57 | L78: =I78*$R$1 -> 673628.41 | M78: =J78*$S$1 -> 999963.92 | N78: =L78*$R$2 -> 56584.79 | O78: =M78*$S$2 -> 31998.85 | P78: =N78+O78 -> 88583.64 | V78: 199.94 | X78: 145.18
A79: 75 | B79: Creche Tamandua Mirim | D79: Rua Alfredo D'avila Silva Neto 28 Vila Odete | E79: NOVA LIMA - MG | G79: Bom | I79: =X79*1.7 -> 0 | J79: 0 | K79: =I79+J79 -> 0 | L79: =I79*$R$1 -> 0 | M79: =J79*$S$1 -> 0 | N79: =L79*$R$2 -> 0 | O79: =M79*$S$2 -> 0 | P79: =N79+O79 -> 0
A80: 76 | B80: Creche Pequenos Guaras | D80: Rua Levindo Wanderley 421 Honorio Bicalho | E80: NOVA LIMA - MG | G80: Médio | I80: =X80*1.7 -> 0 | J80: 0 | K80: =I80+J80 -> 0 | L80: =I80*$R$1 -> 0 | M80: =J80*$S$1 -> 0 | N80: =L80*$R$2 -> 0 | O80: =M80*$S$2 -> 0 | P80: =N80+O80 -> 0
A81: 77 | B81: Escola Ana do Nascimento Souza de Edu | D81: Rua Poços de Caldas, 285 - Campo do Pires | E81: NOVA LIMA - MG | G81: Médio | I81: =X81*1.7 -> 0 | J81: 0 | K81: =I81+J81 -> 0 | L81: =I81*$R$1 -> 0 | M81: =J81*$S$1 -> 0 | N81: =L81*$R$2 -> 0 | O81: =M81*$S$2 -> 0 | P81: =N81+O81 -> 0
A82: 78 | B82: Escola Municipal Áurea Lima Taveira | D82: Rua Jose Agostinho 2335 - Oswaldo Barbosa Penna | E82: NOVA LIMA - MG | G82: Médio | I82: =X82*1.7 -> 253.08 | J82: 1305.6 | K82: =I82+J82 -> 1558.68 | L82: =I82*$R$1 -> 690741.37 | M82: =J82*$S$1 -> 1632430.9 | N82: =L82*$R$2 -> 58022.28 | O82: =M82*$S$2 -> 52237.79 | P82: =N82+O82 -> 110260.07 | V82: 326.4 | X82: 148.87
A83: 79 | B83: Escola Municipal Benvida Pinto Rocha | D83: Rua Caledônia, 120 - Jardim Canadá | E83: NOVA LIMA - MG | G83: Ruim | I83: =X83*1.7 -> 4058.61 | J83: 17352.24 | K83: =I83+J83 -> 21410.85 | L83: =I83*$R$1 -> 11077327 | M83: =J83*$S$1 -> 21696026 | N83: =L83*$R$2 -> 930495.44 | O83: =M83*$S$2 -> 694272.84 | P83: =N83+O83 -> 1624768.3 | V83: 4338.06 | X83: 2387.42
A84: 80 | B84: Escola Municipal Carlos Henrique Rosco | D84: Rua Francisco Rocha, 20 - Retiro | E84: NOVA LIMA - MG | G84: Médio | I84: =X84*1.7 -> 885.09 | J84: 3094.96 | K84: =I84+J84 -> 3980.05 | L84: =I84*$R$1 -> 2415711.5 | M84: =J84*$S$1 -> 3869721.3 | N84: =L84*$R$2 -> 202919.77 | O84: =M84*$S$2 -> 123831.08 | P84: =N84+O84 -> 326750.85 | V84: 773.74 | X84: 520.64
A85: 81 | B85: Escola Municipal César Rodrigues | D85: Rua Alamedas das Azaléias, lote 08 - quadra C - Retiro do Rodeador | E85: NOVA LIMA - MG | G85: Médio | I85: =X85*1.7 -> 2117.45 | J85: 8421.68 | K85: =I85+J85 -> 10539.13 | L85: =I85*$R$1 -> 5779241 | M85: =J85*$S$1 -> 10529879 | N85: =L85*$R$2 -> 485456.24 | O85: =M85*$S$2 -> 336956.13 | P85: =N85+O85 -> 822412.37 | V85: 2105.42 | X85: 1245.56
A86: 82 | B86: Escola Municipal Cristiano Machado | D86: Rua Madre Tereza, 391 - Centro | E86: NOVA LIMA - MG | G86: Médio | I86: =X86*1.7 -> 2343.35 | J86: 7804.32 | K86: =I86+J86 -> 10147.67 | L86: =I86*$R$1 -> 6395798.9 | M86: =J86*$S$1 -> 9757975.4 | N86: =L86*$R$2 -> 537247.11 | O86: =M86*$S$2 -> 312255.21 | P86: =N86+O86 -> 849502.32 | V86: 1951.08 | X86: 1378.44
A87: 83 | B87: Escola Municipal Dalva Cifuentes Gonç | D87: Rua Jardim, 10 - Honório Bicalho | E87: NOVA LIMA - MG | G87: Bom | I87: =X87*1.7 -> 537.49 | J87: 1592.64 | K87: =I87+J87 -> 2130.13 | L87: =I87*$R$1 -> 1466993 | M87: =J87*$S$1 -> 1991325.6 | N87: =L87*$R$2 -> 123227.41 | O87: =M87*$S$2 -> 63722.42 | P87: =N87+O87 -> 186949.83 | V87: 398.16 | X87: 316.17
A88: 84 | B88: Escola Municipal David Finlay | D88: Rua Rodovia MG30 - KM 4370 - Galo | E88: NOVA LIMA - MG | G88: Médio | I88: =X88*1.7 -> 390.92 | J88: 1582.12 | K88: =I88+J88 -> 1973.04 | L88: =I88*$R$1 -> 1066953.6 | M88: =J88*$S$1 -> 1978172.1 | N88: =L88*$R$2 -> 89624.1 | O88: =M88*$S$2 -> 63301.51 | P88: =N88+O88 -> 152925.61 | V88: 395.53 | X88: 229.95
A89: 85 | B89: Escola Municipal Dona Antonieta Dias | D89: Rua Lauro Magalhães Santeiro, 23 - Bom Jardim | E89: NOVA LIMA - MG | G89: Ruim | I89: =X89*1.7 -> 2213.37 | J89: 11583.6 | K89: =I89+J89 -> 13796.97 | L89: =I89*$R$1 -> 6041039.3 | M89: =J89*$S$1 -> 14483323 | N89: =L89*$R$2 -> 507447.3 | O89: =M89*$S$2 -> 463466.32 | P89: =N89+O89 -> 970913.62 | V89: 2895.9 | X89: 1301.98
A90: 86 | B90: Escola Municipal Dulce Santos Jones | D90: Rua Sete, 40 - Santa Rita | E90: NOVA LIMA - MG | G90: Médio | I90: =X90*1.7 -> 1058.98 | J90: 3646.4 | K90: =I90+J90 -> 4705.38 | L90: =I90*$R$1 -> 2890316.5 | M90: =J90*$S$1 -> 4559203.3 | N90: =L90*$R$2 -> 242786.58 | O90: =M90*$S$2 -> 145894.51 | P90: =N90+O90 -> 388681.09 | V90: 911.6 | X90: 622.93
A91: 87 | B91: Escola Municipal Emília de Lima | D91: Rua Abolição, 88 - Centro | E91: NOVA LIMA - MG | G91: Médio | I91: =X91*1.7 -> 3561.47 | J91: 24668 | K91: =I91+J91 -> 28229.47 | L91: =I91*$R$1 -> 9720462.5 | M91: =J91*$S$1 -> 30843140 | N91: =L91*$R$2 -> 816518.85 | O91: =M91*$S$2 -> 986980.49 | P91: =N91+O91 -> 1803499.3 | V91: 6167 | X91: 2094.98
A92: 88 | B92: Escola Municipal Emilie Wanderley Dias | D92: Rua Princesa Isabel, 120 - Vila São José | E92: NOVA LIMA - MG | G92: Regular | I92: =X92*1.7 -> 1539.01 | J92: 5023.72 | K92: =I92+J92 -> 6562.73 | L92: =I92*$R$1 -> 4200481.5 | M92: =J92*$S$1 -> 6281307.8 | N92: =L92*$R$2 -> 352840.45 | O92: =M92*$S$2 -> 201001.85 | P92: =N92+O92 -> 553842.3 | V92: 1255.93 | X92: 905.3
A93: 89 | B93: Escola Municipal Florge George Chalmers | D93: Rua Rosa Tofanelli Othero s/n Quintas | E93: NOVA LIMA - MG | G93: Bom | I93: =X93*1.7 -> 2441.2 | J93: 14954.68 | K93: =I93+J93 -> 17395.88 | L93: =I93*$R$1 -> 6662864.8 | M93: =J93*$S$1 -> 18698285 | N93: =L93*$R$2 -> 559680.64 | O93: =M93*$S$2 -> 598345.12 | P93: =N93+O93 -> 1158025.8 | V93: 3738.67 | X93: 1436
... A96: 92 | B96: Escola Municipal José Brasil Dias | D96: Rua Emanuel, 145 - Vale da Esperança | E96: NOVA LIMA - MG | G96: Bom | I96: =X96*1.7 -> 3441.75 | J96: 19095.88 | K96: =I96+J96 -> 22537.63 | L96: =I96*$R$1 -> 9393705.9 | M96: =J96*$S$1 -> 23876152 | N96: =L96*$R$2 -> 789071.3 | O96: =M96*$S$2 -> 764036.85 | P96: =N96+O96 -> 1553108.1 | V96: 4773.97 | X96: 2024.56
A97: 93 | B97: Escola Municipal Martha Drummond | D97: Rua José Agostinho, 9 - Oswaldo Barbosa Penna | E97: NOVA LIMA - MG | G97: Regular | I97: =X97*1.7 -> 0 | J97: 0 | K97: =I97+J97 -> 0 | L97: =I97*$R$1 -> 0 | M97: =J97*$S$1 -> 0 | N97: =L97*$R$2 -> 0 | O97: =M97*$S$2 -> 0 | P97: =N97+O97 -> 0
A98: 94 | B98: Escola Municipal Rubem Costa Lima | D98: Rua Alamenda dos Mendes, 30 - São Sebastião das Águas Claras | E98: NOVA LIMA - MG | G98: Bom | I98: =X98*1.7 -> 3427.83 | J98: 17190.08 | K98: =I98+J98 -> 20617.91 | L98: =I98*$R$1 -> 9355713.5 | M98: =J98*$S$1 -> 21493273 | N98: =L98*$R$2 -> 785879.94 | O98: =M98*$S$2 -> 687784.73 | P98: =N98+O98 -> 1473664.7 | V98: 4297.52 | X98: 2016.37
A99: 95 | B99: Escola Municipal Ursino do Nascimento | D99: Rua Avenida dos Bancários, 31 - Balneário de Água Limpa | E99: NOVA LIMA - MG | G99: Regular | I99: =X99*1.7 -> 1887.46 | J99: 8825.64 | K99: =I99+J99 -> 10713.1 | L99: =I99*$R$1 -> 5151520.1 | M99: =J99*$S$1 -> 11034962 | N99: =L99*$R$2 -> 432727.69 | O99: =M99*$S$2 -> 353118.8 | P99: =N99+O99 -> 785846.49 | V99: 2206.41 | X99: 1110.27
A100: 96 | B100: Escola Municipal Vera Wanderley Dias | D100: Rua José Joaquim de Souza, 80 - Mingu | E100: NOVA LIMA - MG | G100: Bom | I100: =X100*1.7 -> 3318.4 | J100: 15395.68 | K100: =I100+J100 -> 18714.08 | L100: =I100*$R$1 -> 9057041.9 | M100: =J100*$S$1 -> 19249681 | N100: =L100*$R$2 -> 760791.52 | O100: =M100*$S$2 -> 615989.78 | P100: =N100+O100 -> 1376781.3 | V100: 3848.92 | X100: 1952
A101: 97 | B101: Escola Municipal Vicente Estevão dos Santos | D101: Rua José de Oliveira, 1320 - Bela Fama | E101: NOVA LIMA - MG | I101: =X101*1.7 -> 4661.42 | J101: 25318.24 | K101: =I101+J101 -> 29979.66 | L101: =I101*$R$1 -> 12722600 | M101: =J101*$S$1 -> 31656155 | N101: =L101*$R$2 -> 1068698.4 | O101: =M101*$S$2 -> 1012997 | P101: =N101+O101 -> 2081695.4 | V101: 6329.56 | X101: 2742.01
A102: 98 | B102: CEI - Centro de Educação Infantil Nancy | D102: Rua Yuri, 65 Jardim Canadá | E102: NOVA LIMA - MG | G102: Ruim | I102: =X102*1.7 -> 1812.06 | J102: 6772.2 | K102: =I102+J102 -> 8584.26 | L102: =I102*$R$1 -> 4945727.8 | M102: =J102*$S$1 -> 8467484.8 | N102: =L102*$R$2 -> 415441.14 | O102: =M102*$S$2 -> 270959.51 | P102: =N102+O102 -> 686400.65 | V102: 1693.05 | X102: 1065.92
...

Sheet 02 - Cálculo Final
A1: ANEXO B
B2: OBJETO | C2: Contratação de empresa especializada na prestação de serviços contínuos de manutenção predial preventiva, corretiva e reformas de pequeno e médio porte, com fornecimento de materiais, equipamentos e mão de obra qualificada, para atender às necessidades do CIMI e dos Municípios Consorciados | P2: CAL-8 2.529,33 | Q2: CAL-8 2.413,71
B3: TÍTULO: | C3: Cálculo Demanda Manutenção Anual | P3: GI 1.266,37 | Q3: GI 1.208,42
A4: Nº Edificações | B4: ÁREA TOTAL | C4: ÁREA EDIFICAÇÃO | D4: ÁREA TERRENO | E4: VALOR ÁREA EDIFICAÇÃO | F4: VALOR ÁREA TERRENO | G4: (8,40%) ÁREA EDIFICAÇÃO | H4: (3,2%) ÁREA TERRENO | I4: TOTAL Manutenção
A5: ='01 - Planilha Detalhada'!A213 -> 209 | B5: ='01 - Planilha Detalhada'!K2 -> 1528851.7 | C5: ='01 - Planilha Detalhada'!I2 -> 214470.74 | D5: ='01 - Planilha Detalhada'!J2 -> 995384.08 | E5: ='01 - Planilha Detalhada'!L2 -> 7.3347552e+08 | F5: ='01 - Planilha Detalhada'!M2 -> 1.5755588e+09 | G5: =E5*B10 -> 61611943 | H5: =F5*B11 -> 50417881 | I5: =G5+H5 -> 1.1202982e+08
A7: Memória de Cálculo | B7: valor utilizado | C7: Observação
A8: Valor médio do m² de áreas edificadas comercial: | B8: 2729.34 | C8: Valor obtido da tabela CUB CAL-8 ref. nov/2025 para imóveis comerciais de padrão normal com o menor valor entre aqueles da mesma categoria.
A9: Valor médio do m² de áreas de terreno comercial: | B9: 1250.33 | C9: Valor obtido da tabela CUB GI ref. nov/2025 em referência ao menor valor obtido para áreas com vão livre aberto, no caso galpões, podendo ser aplicados para fins de terrenos ou similares.
A10: Percentual médio do custo de manutenção dos imóveis, reformas e pequenas adequações dos blocos - área construída | B10: 0.084 | C10: Percentual estimado com base na natureza complexa e especializada das intervenções em edificações existentes, envolvendo adequações funcionais, técnicas e normativas, com interferências em sistemas construtivos e instalações especiais, utilização de equipamentos específicos de alto custo e necessidade de compatibilização entre sistemas antigos e novos. Estimativa elaborada conforme parâmetros técnicos compatíveis com o nível de detalhamento dos estudos, nos termos do art. 42, §1º, da Lei nº 13.303/2016, visando refletir a ordem de grandeza dos custos da requalificação.
A11: Percentual médio do custo de manutenção dos imóveis reformas e pequenas adequações dos blocos - área do terreno | B11: 0.032

Sheet 03 - BDI 
A1: ~
B2: OBRA: | D2: Contratação de empresa especializada na prestação de serviços contínuos de manutenção predial preventiva, corretiva e reformas de pequeno e médio porte, com fornecimento de materiais, equipamentos e mão de obra qualificada, para atender às necessidades do CIMI e dos Municípios Consorciados | M2: =ROUND(((((1+I9/100+I10/100+I11/100)*(1+I12/100)*(1+I15/100))/(1-I22/100))-1),4) -> 0.2624
B3: BASES UTILIZADAS | D3: SINAPI (04/2026) - SUDECAP(03/2026) - SICOR MG (01/2026)
B4: BDI UTILIZADO: | D4: =B26 -> BDI = 26,24 %
B6: COMPOSIÇÃO DO BDI
B7: CÓDIGO | C7: DESCRIÇÃO | I7: ALÍQUOTA ADOTADA (%)
B8: DI | C8: DESPESAS INDIRETAS
B9: AC | C9: ADMINISTRAÇÃO CENTRAL | I9: 4
B10: S + G | C10: SEGURO E GARANTIA | I10: 0.8
B11: R | C11: RISCO | I11: 1.27
B12: DF | C12: DESPESAS FINANCEIRAS | I12: 1.23
B13: TOTAL (%): | I13: =SUM(I9:J12) -> 7.3
B14: L | C14: BENEFÍCIO
B15: L.1 | C15: LUCRO | I15: 7.4
B16: TOTAL (%): | I16: =SUM(I15) -> 7.4
B17: T | C17: TRIBUTOS
B18: T.1 | C18: PIS | I18: 0.65
B19: T.2 | C19: COFINS | I19: 3
B20: T.3 | C20: ISSQN | I20: 5
B21: T.4 | C21: CPRB | I21: 0
B22: TOTAL (%): | I22: =SUM(I18:J21) -> 8.65
B23: FÓRMULA DO BDI
B25: BDI CALCULADO
B26: =CONCATENATE("BDI"," "," = ",TEXT(ROUND(((((1+I9/100+I10/100+I11/100)*(1+I12/100)*(1+I15/100))/(1-I22/100))-1),4),"#.###,00 %"),) -> BDI = 26,24 %

Sheet Planilha2
G4: https://www.editorabooktrail.com.br/post/manuten%C3%A7%C3%A3o-predial-em-edifica%C3%A7%C3%B5es-estimativa-de-custo

Sheet Planilha1
G5: CÂMARA DOS VEREADORES | H5: Praça Bernardino de Lima 229 – Bairro Centro
G6: 2 | H6: Defesa Civil e Pátio de Obras (SEMOS) | I6: Rua Madre Teresa 415 – Bairro Centro
G7: 3 | H7: PRAÇA DO BAIRRO VILA SÃO LUÍZ | I7: Rua Antônio Januário – Bairro Olaria
G8: 4 | H8: RODOVIÁRIA (SEMOS) | I8: Rua Antônio Jardim 466 – Bairro Centro
G9: 5 | H9: T.I. (INFORMÁTICA PMNL) | I9: Rua Ribeirão Cardoso – Bairro Centro
G10: 6 | H10: CAMPO INDEPENDENTE | I10: Rua Jatobá – Bairro Santa Rita
G11: 7 | H11: CAC MATADOURO | I11: Rua Rádio Itatiaia – Bairro Matadouro
G12: 8 | H12: Prédio Sede Prefeitura Municipal de Nova Lima | I12: Praça Bernardino de Lima 80 – Centro
G13: 9 | H13: P.A. JARDIM CANADÁ | I13: Rua Vancouver 196 – Bairro Jardim Canadá
G14: 10 | H14: UBS RETIRO (BATALHÃO DA POLÍCIA MILITAR) | I14: Rua Miguel Couto – Bairro Retiro
G15: 11 | H15: FÓRUM (ATUAL UAI NOVA LIMA) | I15: Rua Pereira de Freitas, 24 - Centro
G16: 12 | H16: ESCOLA DE MÚSICA | I16: Rua Aníbal Moraes Quintão, 33 – Bairro Centro
G17: 13 | H17: Creche Flor de Cerejeira | I17: Rua Cassiar, 464 Jardim Canadá
... G112: 108 | H112: Ambulatório de Reabilitação / Sede do Programa Melhor em Casa | I112: Rua Montreal, 56 - Jardim Canadá
